 Dungeon Crawl Stone Soup version 0.17.2-1-ge4368a0 (webtiles) character file.

2013 Goblin1989 the Slicer (level 9, -2/41 HPs)
             Began as a Vine Stalker Chaos Knight on Sept 13, 2017.
             Slain by a sun demon (14 damage)
             ... summoned by Xom
             ... on level 6 of the Dungeon.
             The game lasted 00:16:14 (4336 turns).

Goblin1989 the Slicer (Vine Stalker Chaos Knight)   Turns: 4336, Time: 00:16:16

Health: -2/41      AC: 14    Str: 15    XL:     9   Next: 22%
Magic:  0/10       EV:  7    Int: 12    God:    Xom [......]
Gold:   351        SH:  4    Dex: 17    Spells: 0 memorised, 8 levels left

rFire  . . .     SeeInvis .     s - +2 dagger (venom)
rCold  . . .     Clarity  .     p - +4 chain mail of the Sturgeon {rElec}
rNeg   . . .     SustAt   .     I - +0 buckler
rPois  .         Gourm    .     (helmet restricted)
rElec  +         Spirit   +     (no cloak)
rCorr  .         Warding  .     (no gloves)
rMut   .         Stasis   .     (no boots)
MR     ++...                    (no amulet)
Stlth  ..........               m - ring of protection from magic
                                k - +2 ring of protection

@: very resistant to hostile enchantments, extremely unstealthy
A: antennae 1, claws 1, fangs 3, talons 1, frail 1, regeneration 2, magic
shield, antimagic bite, no device heal 3, rot immunity
a: Renounce Religion


You were on level 6 of the Dungeon.
You worshipped Xom.
You were a very special plaything of Xom.
You were hungry.

You visited 1 branch of the dungeon, and saw 6 of its levels.

You collected 351 gold pieces.

Inventory:

Hand Weapons
 h - a +0 dagger of draining
 q - a +0 long sword
 s - a +2 dagger of venom (weapon)
 D - a +2 short sword of draining
Missiles
 a - 5 silver javelins
 g - 181 stones (quivered)
 F - 22 sling bullets
 Q - 2 javelins of penetration
 Z - a throwing net {!d, =f}
Armour
 b - a +2 leather armour
 p - the +4 chain mail of the Sturgeon (worn) {rElec}
   (You found it on level 5 of the Dungeon)

   It insulates you from electricity.
 I - a +0 buckler (worn)
Magical Staves
 J - a staff of wizardry {!a}
Jewellery
 k - a +2 ring of protection (left claw)
 m - a ring of protection from magic (right claw)
 v - a ring of wizardry
 B - a +3 ring of strength
 O - a ring of fire {unknown}
Wands
 w - a wand of draining (0)
 E - a wand of random effects (18)
Scrolls
 c - a scroll of immolation {unknown}
 j - a scroll of enchant weapon {unknown}
 l - 4 scrolls of remove curse {unknown}
 n - 2 scrolls of magic mapping {unknown}
 o - 9 scrolls of identify {unknown}
 u - a scroll of fog {unknown}
 A - 2 scrolls of noise {unknown}
 T - 2 scrolls of teleportation {@r3, !r}
Potions
 d - a potion of brilliance {unknown}
 f - 2 potions of degeneration {unknown}
 i - 3 potions of magic {unknown}
 r - a potion of invisibility {unknown}
 t - a potion of cancellation {unknown}
 x - a potion of berserk rage {unknown}
 z - a potion of cure mutation {unknown}
 C - 2 potions of heal wounds {unknown}
 G - 4 potions of curing {unknown}
 K - 3 potions of mutation {unknown}
 N - a potion of haste {unknown}
 P - 2 potions of ambrosia {unknown}
Miscellaneous
 M - a lamp of fire
Comestibles
 e - 8 bread rations {@e1}
 H - a meat ration {@e2}
 L - a slice of pizza


   Skills:
 + Level 4.3 Fighting
 * Level 8.4 Short Blades
 + Level 2.3 Armour
 + Level 2.8 Dodging
 - Level 6.5 Stealth
 + Level 1.7 Shields


You had 8 spell levels left.
You didn't know any spells.

Dungeon Overview and Level Annotations

Branches:
Dungeon (6/15)
 Temple: D:4-7

Altars:
Elyvilon
Fedhas
Sif Muna
Trog
Zin

Shops:
D:6 }


Innate Abilities, Weirdness & Mutations

You have razor-sharp teeth.
You heal very quickly.
When hurt, damage is shared between your health and your magic reserves.
Your bite disrupts and absorbs the magic of your enemies.
Potions and wands cannot restore your health.
You are immune to rotting.
You have a pair of small antennae on your head.
You have sharp fingernails.
You have sharp toenails.
You are frail (-10% HP).


Message History

The phantom's magic leaks into the air.
You drain its magic.
The phantom is almost destroyed.
The phantom hits you.
The phantom blinks!
You take 4 damage, and have 36/40 hp.
The phantom hits you but does no damage.
You hit the phantom but do no damage. Your kick misses the phantom.
Your bite misses the phantom.
The phantom is almost destroyed.
You miss the phantom. You claw the phantom, but do no damage.
You bite the phantom, but do no damage.
The phantom is almost destroyed.
The phantom completely misses you.
You miss the phantom. You claw the phantom. You bite the phantom.
The phantom's magic leaks into the air.
You drain its magic.
You destroy the phantom!
No target in view!
No target in view!
No target in view!
No target in view!
No target in view!
No target in view!
No target in view!
No target in view!
No target in view!
No target in view!
No target in view!
No target in view!
No target in view!
No target in view!
No target in view!
No target in view!
No target in view!
No target in view!
No target in view!
No target in view!
No target in view!
No target in view!
HP restored.
You open the door.
There is an open door here.
There is an open door here.
You open the door.
There is an open door here.
You are starving!
Health restored: 41 You need to eat something NOW!
Unknown command.
You need to eat something NOW!
Eat which item? (? for menu, Esc to quit)
You are feeling hungry.
Mmm...
Pepperoni.
You open the door.
There is an open door here.
You now have 351 gold pieces (gained 16).
You open the door.
There is an open door here.
You almost hear Xom's maniacal laughter.
Q - 2 javelins of penetration "Time to have some fun!"
The sun demon hits you but does no damage.
You hit the sun demon. Your kick misses the sun demon. You bite the sun demon.
You drain its power.
The sun demon is lightly wounded.
You hit the sun demon but do no damage. Your kick misses the sun demon.
You bite the sun demon, but do no damage.
The sun demon is lightly wounded.
The sun demon hits you.
You are engulfed in flames!
You take 10 damage, and have 31/41 hp.
O_OOPS!!
MASSIVE DAMAGE!!
You now have 7/10 mp.
You hit the sun demon but do no damage. Your kick misses the sun demon.
Your bite misses the sun demon.
The sun demon is lightly wounded.
The quasit bites you but does no damage.
The quasit claws you but does no damage.
The quasit claws you. The sun demon misses you.
You take 1 damage, and have 30/41 hp.
Read which item? (? for menu, Esc to quit)
Really read
T - 2 scrolls of teleportation {@r3, !r}?
Read which item? (? for menu, Esc to quit)
As you read the scroll labeled UNEADGH WAYTUNYCW, it crumbles to dust.
You hear the tinkle of a tiny bell.
It was a scroll of random uselessness.
The quasit barely misses you.
The quasit claws you but does no damage.
You block the quasit's attack. The sun demon hits you!
You are engulfed in flames!
* * * LOW HITPOINT WARNING * * *
You take 16 damage, and have 14/41 hp.
O_OOPS!!
MASSIVE DAMAGE!!
You now have 3/10 mp.
You closely miss the quasit. You claw the quasit, but do no damage.
The quasit barely misses you. You block the quasit's attack.
You block the quasit's attack. You block the sun demon's attack.
Your chain mail of the Sturgeon prevents you from hitting the quasit.
You claw the quasit, but do no damage. Your bite misses the quasit.
The quasit bites you but does no damage.
The quasit claws you but does no damage.
The quasit closely misses you. The sun demon hits you.
* * * LOW HITPOINT WARNING * * *
You are engulfed in flames!
You die... "Huh?
Did I miss anything?"

█..........█.)..
███....)...███.█
████............█
█.......█...███.█
█..........██ █..
█b.........█████.
██.b........█.....


█b3███████████████ █@██ █5█ █b█ █.. █... ██... ████ You could see a sun demon
and a quasit.

Vanquished Creatures
  Pikel (D:5)
  A hippogriff (D:5)
  A slave (D:5)
  Duvessa (D:4)
  3 ogres
  A sky beast (D:6)
  2 phantoms (D:6)
  An ice beast (D:5)
  2 centaurs
  A giant frog zombie (D:5)
  An orc priest (D:3)
  A centaur skeleton (D:5)
  2 giant frog skeletons
  An orc wizard (D:3)
  3 worker ants
  6 gnolls
  5 adders
  2 shadow imps
  An adder skeleton (D:4)
  3 oozes
  2 worms
  6 orcs
  2 ball pythons (D:2)
  7 giant cockroaches
  10 hobgoblins
  11 jackals
  4 kobolds
  7 bats
  3 giant geckos
  2 giant newts (D:1)
  6 goblins
  A quokka (D:4)
  A quokka zombie (D:6)
  2 rats (D:1)
103 creatures vanquished.

Vanquished Creatures (collateral kills)
  A sky beast (D:5)
  Dowan (D:4)
2 creatures vanquished.

Grand Total: 105 creatures vanquished

Notes
Turn   | Place    | Note
--------------------------------------------------------------
     0 | D:1      | Goblin1989 the Vine Stalker Chaos Knight began the quest for the Orb.
     0 | D:1      | Reached XP level 1. HP: 11/11 MP: 2/2
    94 | D:1      | XOM: butterfly on damage
    95 | D:1      | Reached skill level 3 in Short Blades
   112 | D:1      | XOM: harmless Erth miscast
   203 | D:1      | XOM: harmless Trmt miscast
   231 | D:1      | Reached XP level 2. HP: 16/16 MP: 3/3
   369 | D:1      | XOM: divination: detect items
   557 | D:1      | XOM: mild Air miscast
   733 | D:1      | Reached XP level 3. HP: 19/19 MP: 4/4
   964 | D:2      | Found a faded altar to an unknown god.
  1003 | D:2      | Reached skill level 4 in Short Blades
  1066 | D:2      | Reached skill level 1 in Stealth
  1124 | D:2      | Found a blossoming altar of Fedhas.
  1124 | D:2      | Found a glowing silver altar of Zin.
  1160 | D:2      | XOM: harmless Trmt miscast
  1297 | D:2      | Reached XP level 4. HP: 19/23 MP: 3/5
  1304 | D:2      | Found a deep blue altar of Sif Muna.
  1461 | D:2      | XOM: divination: detect creatures
  1732 | D:3      | XOM: divination: detect items
  2025 | D:3      | Reached XP level 5. HP: 22/27 MP: 6/6
  2027 | D:3      | XOM: noise
  2039 | D:3      | Reached skill level 5 in Short Blades
  2061 | D:3      | XOM: confuse monster(s)
  2223 | D:4      | Noticed an ogre
  2227 | D:4      | Killed an ogre
  2227 | D:4      | Gained mutation: You heal very quickly. [Vine Stalker growth]
  2227 | D:4      | Reached XP level 6. HP: 32/32 MP: 7/7
  2253 | D:4      | Noticed Duvessa
  2253 | D:4      | Noticed Dowan
  2263 | D:4      | XOM: confusion (+ monsters)
  2264 | D:4      | Killed Duvessa
  2264 | D:4      | Reached skill level 6 in Short Blades
  2265 | D:4      | XOM: silly message
  2266 | D:4      | XOM: noise
  2268 | D:4      | XOM: summons 2 friendly demons
  2284 | D:4      | Killed Dowan
  2284 | D:4      | Reached XP level 7. HP: 35/35 MP: 8/8
  2315 | D:4      | XOM: give mutations
  2315 | D:4      | Gained mutation: You are surrounded by a mild repulsion field (EV +2). [Xom's grace]
  2315 | D:4      | Gained mutation: You have a pair of small antennae on your head. [Xom's grace]
  2657 | D:5      | Entered Level 5 of the Dungeon
  2695 | D:5      | Found a bloodstained altar of Trog.
  2712 | D:5      | Noticed a hippogriff
  2715 | D:5      | Killed a hippogriff
  2715 | D:5      | Reached skill level 5 in Stealth
  2739 | D:5      | Reached skill level 1 in Dodging
  2868 | D:5      | Found a white marble altar of Elyvilon.
  2999 | D:5      | XOM: scenery: 1 doors open
  3023 | D:5      | XOM: silly message
  3025 | D:5      | Reached skill level 7 in Short Blades
  3072 | D:5      | Got an encrusted chain mail
  3079 | D:5      | XOM: god gift: 5 silver javelins
  3165 | D:5      | XOM: vitrification
  3204 | D:5      | Gained mutation: You have razor-sharp teeth. [Vine Stalker growth]
  3204 | D:5      | Reached XP level 8. HP: 38/40 MP: 9/9
  3205 | D:5      | Noticed Pikel
  3211 | D:5      | XOM: cast spell 'Shadow Creatures'
  3219 | D:5      | XOM: divination: detect items
  3229 | D:5      | XOM: potion effect (haste)
  3250 | D:5      | XOM: polymorph scorpion -> worker ant
  3251 | D:5      | Killed Pikel
  3277 | D:5      | Identified the +4 chain mail of the Sturgeon {rElec} (You found it on level 5 of the Dungeon)
  3447 | D:5      | Reached skill level 8 in Short Blades
  3566 | D:5      | XOM: god gift: lamp of fire
  3568 | D:5      | XOM: summons 4 friendly demons
  3572 | D:5      | Reached skill level 1 in Shields
  3589 | D:6      | Reached XP level 9. HP: 28/45 MP: 10/10
  3674 | D:6      | XOM: god gift: sedimented golden potion
  3763 | D:6      | Gained mutation: You have sharp toenails. [mutagenic meat]
  3764 | D:6      | Gained mutation: You are frail (-10% HP). [mutagenic meat]
  3765 | D:6      | Lost mutation: You are surrounded by a mild repulsion field (EV +2). [mutagenic meat]
  3766 | D:6      | Gained mutation: You have sharp fingernails. [mutagenic meat]
  3927 | D:6      | Found Metokh's Quality Used Wands.
  3927 | D:6      | XOM: 7-stop teleportation journey
  4115 | D:6      | XOM: vitrification
  4186 | D:6      | XOM: mild Erth miscast
  4293 | D:6      | XOM: harmless Chrm miscast
  4329 | D:6      | XOM: summons 2 hostile demons
  4330 | D:6      | Noticed a sun demon
  4336 | D:6      | Slain by a sun demon

Action                   |  1- 3 |  4- 6 |  7- 9 || total
-------------------------+-------+-------+-------++-------
Melee: Short sword       |   108 |    19 |    16 ||   143
       Dagger            |       |    84 |   203 ||   287
Evoke: Wand              |       |       |     1 ||     1
  Use: Scroll            |       |       |     2 ||     2
 Stab: Sleeping          |       |     2 |     5 ||     7
  Eat: Chunk             |       |     4 |    10 ||    14
       Pizza             |       |       |     1 ||     1

Vault maps used:
D:1:      dpeg_arrival_leaves_temple_mockup
D:2:      marbit_many_paths, gammafunk_temple_overflow_elements,
          ecumenical_altar_1
D:4:      uniq_duvessa
D:5:      elyvilon_altar_4, nicolae_overflow_crystal_walls, first_bread,
          grunt_ministairs_7, uniq_pikel
D:6:      hangedman_decor_points, nicolae_for_you_no_charge,
          uniq_crazy_yiuf_cottage
